 Dungeon Crawl Stone Soup version 0.31-a0-175-g9f7f995f2b (webtiles) character file.

Game seed: 2383603778179030202

45 innerfire43 the Poker (level 3, -2/29 HPs)
             Began as a Demonspawn Monk on June 17, 2023.
             Slain by Terence
             ... wielding a +0 hand axe
              (7 damage)
             ... on level 2 of the Dungeon.
             The game lasted 00:01:26 (622 turns).

innerfire43 the Poker (Demonspawn Monk)              Turns: 622, Time: 00:01:26

Health: -2/29      AC:  2    Str: 13    XL:     3   Next: 42%
Magic:  3/3        EV: 13    Int: 11    God:
Gold:   62         SH:  0    Dex: 15    Spells: 2/2 levels left

rFire   . . .        a - +0 spear
rCold   + . .        d - orb {light}
rNeg    . . .        b - +0 robe
rPois   .            (no helmet)
rElec   .            (no cloak)
rCorr   .            (no gloves)
SInv    .            (no boots)
Will    .....        (no amulet)
Stlth   +            i - ring of protection from cold
HPRegen 0.24/turn    (no ring)
MPRegen 0.08/turn

%: no passive effects
@: brilliant, attractive, glowing
A: demonic magic 1
a: no special abilities


You were on level 2 of the Dungeon.
You visited 1 branch of the dungeon, and saw 2 of its levels.

You collected 62 gold pieces.

Inventory:

Hand Weapons
 a - a +0 spear (weapon)
Armour
 b - a +0 robe (worn)
 d - an orb of light (worn)
Jewellery
 i - a ring of protection from cold (left hand)
Scrolls
 g - 2 scrolls of identify {unknown}


   Skills:
 + Level 3.3 Fighting
 * Level 3.4 Polearms
 * Level 3.2 Dodging


You had 2 spell levels left.
You didn't know any spells.
Your spell library contained the following spells:

 Spells                   Type           Power      Damage    Failure   Level
 Magic Dart               Conj           0%         1d3       34%         1
 Searing Ray              Conj           0%         2d4       47%         2
 Gell's Gravitas          Tloc           0%         N/A       71%         3
 Teleport Other           Tloc           0%         N/A       71%         3
 Fulminant Prism          Conj/Hex       0%         3d5       98%         4
 Dispersal                Tloc           0%         N/A       100%        6


Dungeon Overview and Level Annotations

Branches:
Dungeon (2/15)

Altars:

Annotations:
D:2 Terence


Innate Abilities, Weirdness & Mutations

Spells you cast may paralyse adjacent enemies.


Message History

You hit the adder.
The adder is lightly wounded.
A goblin comes into view. It is wielding a +0 club.
The goblin hits you with a +0 dagger. The adder barely misses you.
The goblin is attracted toward you.
You barely miss the adder.
The adder is lightly wounded.
A frilled lizard comes into view.
The goblin hits you with a +0 dagger. The adder barely misses you.
The frilled lizard is attracted toward you.
You are too injured to fight recklessly!
You are too injured to fight recklessly!
You hit the adder.
The adder is moderately wounded.
The adder barely misses you. Terence is attracted toward you.
You hit the adder.
The adder is almost dead.
The adder bites you. Terence misses you.
The goblin drinks a potion.
The goblin suddenly seems more resistant.
The adder completely misses you.
You closely miss the adder.
The adder is almost dead.
Terence hits you with a +0 hand axe. The goblin completely misses you.
The goblin hits you with a +0 dagger.
* * * LOW HITPOINT WARNING * * *
The adder bites you but does no damage.
You hit the adder.
You kill the adder!
Terence barely misses you. The goblin misses you.
The goblin hits you with a +0 dagger.
* * * LOW HITPOINT WARNING * * *
You hit the frilled lizard.
You kill the frilled lizard!
The goblin hits you with a +0 dagger.
* * * LOW HITPOINT WARNING * * *
Terence closely misses you. The goblin misses you.
You hit Terence but do no damage.
Terence is lightly wounded.
The goblin misses you. Terence hits you with a +0 hand axe!
You die...

#.# ######.#
#.<....# #......#
#......+ #...|..#
## #......+ ..
#......#####.#####
##.......@@†......
#.###....gg.#####
#.###.#########
#.............#
#####.#.......#
#.#.#.....#
#.#..†@..$+
#.###..§..# #..
.......(.


You could see Terence and 2 goblins.

Vanquished Creatures
  An adder (D:2)
  2 endoplasms (D:1)
  2 giant cockroaches (D:1)
  2 goblins (D:1)
  4 hobgoblins
  7 jackals (D:1)
  3 ball pythons (D:1)
  6 bats (D:1)
  5 frilled lizards
  A kobold (D:1)
  2 rats (D:1)
35 creatures vanquished.

Notes
Turn   | Place    | Note
-------+----------+-------------------------------------------
     0 | D:1      | innerfire43 the Demonspawn Monk began the quest for the
                  | Orb.
     0 | D:1      | Reached XP level 1. HP: 18/18 MP: 1/1
    58 | D:1      | Gained mutation: Spells you cast may paralyse adjacent
                  | enemies. [demonic ancestry]
    58 | D:1      | Reached XP level 2. HP: 9/24 MP: 2/2
   414 | D:1      | Reached XP level 3. HP: 29/29 MP: 3/3
   587 | D:2      | Noticed Terence
   622 | D:2      | Slain by Terence

Illustrated notes

Levels and vault maps discovered:
D:1:      minmay_arrival_glassed_features, layout_loops_ring
D:2:      layout_basic, uniq_terence

Skill      XL: |  1  2 |
---------------+-------+-----
Polearms       | 3 |  3.4
Dodging        | 3 |  3.2
Fighting       | |  3.3

Action                     || total
---------------------------++-------
  Melee: Spear             ||    98
    Use: Potion            ||     3
         Scroll            ||     2
   Stab: Fleeing           ||     1
 Armour: Robe              ||    30
  Dodge: Dodged            ||    97

Table legend: (Time is in decaauts)
 A = Elapsed time spent in this place.
 B = Non-inter-level travel time spent in this place.
 C = Inter-level travel time spent in this place.
 D = Time resting spent in this place.
 E = Time spent auto-exploring this place.
 F = Levels seen in this place.
 G = Mean time per level.
                   A        B        C        D        E       F      G
               +--------+--------+--------+--------+--------+-----+--------+
         Total |    615 |    603 |     12 |      0 |    439 |   2 |  307.5 |
       Dungeon |    615 |    603 |     12 |      0 |    439 |   2 |  307.5 |
               +--------+--------+--------+--------+--------+-----+--------+

Top non-repeatable levels by time:
     D:1: 563 daAuts
     D:2: 52 daAuts
